 Dungeon Crawl Stone Soup version 0.31-a0-188-g5e087ee2ca (webtiles) character file.

Game seed: 2897940869310422177

321 qw the Skirmisher (level 6, 0/35 HPs)
             Began as a Deep Elf Hunter on June 23, 2023.
             Succumbed to a scorpion's poison
             ... on level 4 of the Dungeon.
             The game lasted 00:01:12 (2710 turns).

qw the Skirmisher (Deep Elf Hunter)                 Turns: 2710, Time: 00:01:12

Health: 0/35       AC: 10    Str: 10    XL:     6   Next: 22%
Magic:  8/8        EV: 16    Int: 14    God:
Gold:   152        SH:  0    Dex: 18    Spells: 5/5 levels left

rFire   . . .        Y - +0 arbalest
rCold   . . .        (shield currently unavailable)
rNeg    . . .        j - +0 ring mail
rPois   .            l - +1 hat
rElec   .            (no cloak)
rCorr   .            (no gloves)
SInv    .            (no boots)
Will    .....        g - amulet of faith
Stlth   +            e - +4 ring of protection
HPRegen 0.25/turn    c - +5 ring of evasion
MPRegen 0.11/turn

%: faith
@: lethally poisoned (0 -> -2)
A: no striking features
a: no special abilities


You were on level 4 of the Dungeon.
You visited 1 branch of the dungeon, and saw 4 of its levels.

You collected 152 gold pieces.


   Skills:
 - Level 2.0 Fighting
 + Level 9.7 Ranged Weapons
 - Level 2.4 Dodging
 - Level 1.2 Stealth


You had 5 spell levels left.
You didn't know any spells.
Your spell library was empty.

Inventory:

Hand Weapons
 Y - a +0 arbalest (weapon)
Armour
 j - a +0 ring mail (worn)
 l - a +1 hat (worn)
Jewellery
 c - a +5 ring of evasion (right hand)
 e - a +4 ring of protection (left hand)
 g - an amulet of faith (around neck)
Scrolls
 b - a scroll of teleportation
 h - 2 scrolls of identify
 i - 4 scrolls of immolation {unknown}
 m - a scroll of fog {unknown}
Potions
 a - a potion of haste {unknown}
 d - 2 potions of heal wounds
 f - a potion of magic {unknown}
 k - a potion of might {unknown}
 n - a potion of ambrosia {unknown}
 o - a potion of degeneration {unknown}

Dungeon Overview and Level Annotations

Branches:
Dungeon (4/15)
 Temple: D:4-7

Altars:
Hepliaklqana

Shops:
D:4 =

Annotations:
D:3 3 runed translucent doors, qw's ghost, amateur DEHu


Message History

The scorpion is almost dead.
You shoot a bolt. The bolt barely misses the scorpion.
The scorpion misses you.
You shoot a bolt. The bolt closely misses the scorpion.
The scorpion stings you but does no damage.
The scorpion barely misses you.
You shoot a bolt. The bolt closely misses the scorpion.
The scorpion stings you but does no damage.
The scorpion stings you.
You are poisoned.
The scorpion poisons you!
You shoot a bolt.
The bolt hits the scorpion but does no damage.
The scorpion is almost dead.
You feel very sick. The scorpion stings you.
You are lethally poisoned!
The scorpion poisons you! The scorpion misses you.
You shoot a bolt.
The bolt hits the scorpion but does no damage.
The scorpion is almost dead.
You feel very sick.
The scorpion stings you but does no damage.
The scorpion completely misses you.
You shoot a bolt. The bolt hits the scorpion.
You kill the scorpion!
You feel very sick.
You have reached level 6!
There is a lethal amount of poison in your body!
You feel sick.
There is a lethal amount of poison in your body!
You feel sick.
There is a lethal amount of poison in your body!
You feel sick.
There is a lethal amount of poison in your body!
You feel sick.
There is a lethal amount of poison in your body!
You feel sick.
There is a lethal amount of poison in your body!
You die...

#.##....#
#.........#.# #
#.......#
#.....#####.# #
#..#....# #.###.#
# #
##.##.#.#####.#
#.# #
#.##.#.......# #^#
# #.##..###.####
#.# # #.###.# #.#
#.# # #.# #.#
#.######.# # #.#
#.# #......@.# #
#.###.##########%#
#....%.# .#
#####..# .. #..#
.## ######..## .#
.........# ..
######...# ..
####...####


There were no monsters in sight!

Vanquished Creatures
  An ogre (D:4)
  A scorpion (D:4)
  Terence (D:2)
  2 orc wizards
  2 adders
  A worm (D:2)
  2 dart slugs (D:1)
  6 orcs
  9 ball pythons
  4 bats
  2 endoplasms
  7 giant cockroaches
  6 goblins
  4 hobgoblins
  3 jackals (D:3)
  2 kobolds
  5 quokkas
  5 frilled lizards
  7 rats
70 creatures vanquished.

Notes
Turn   | Place    | Note
-------+----------+-------------------------------------------
     0 | D:1      | qw the Deep Elf Hunter began the quest for the Orb.
     0 | D:1      | Reached XP level 1. HP: 12/12 MP: 3/3
     0 | D:1      | 0 ||| qw: Version: 0.3-a-9-g12657ce
     0 | D:1      | 0 ||| qw: Game counter: 4371
     0 | D:1      | 0 ||| qw: Always use a shield: true
     0 | D:1      | 0 ||| qw: God list: Okawaru
     0 | D:1      | 0 ||| qw: Allow faded altars: false
     0 | D:1      | 0 ||| qw: Do Orc after D:15 true
     0 | D:1      | 0 ||| qw: Do second Lair branch before Depths: true
     0 | D:1      | 0 ||| qw: Lair rune preference: random
     0 | D:1      | 0 ||| qw: Plans: Normal
     0 | D:1      | 0 ||| PLANNING D:1-11
    86 | D:1      | Reached XP level 2. HP: 16/16 MP: 4/4
   106 | D:1      | Reached skill level 6 in Ranged Weapons
   491 | D:1      | Found a faded altar of an unknown god.
   647 | D:1      | 647 ||| UPGRADING to +0 ring mail.
   657 | D:1      | 657 ||| DROPPING +0 leather armour.
   658 | D:1      | 658 ||| UPGRADING to amulet of faith.
   663 | D:1      | 663 ||| UPGRADING to +4 ring of protection.
   664 | D:1      | 664 ||| READING scroll labelled GOAC TEUTRUI.
   665 | D:1      | 665 ||| READING scroll labelled JYUS REEDA.
   669 | D:1      | 669 ||| READING 2 scrolls labelled DAAMETT LAAB.
   670 | D:1      | 670 ||| DROPPING scroll of butterflies.
   762 | D:2      | Reached XP level 3. HP: 20/20 MP: 5/5
   989 | D:2      | Noticed Terence
  1003 | D:2      | Killed Terence
  1004 | D:2      | Reached skill level 7 in Ranged Weapons
  1011 | D:2      | Reached XP level 4. HP: 19/25 MP: 6/6
  1108 | D:2      | Found a hazy altar of Hepliaklqana.
  1324 | D:2      | You fall into a shaft and drop 1 floor!
  1333 | D:3      | 1333 ||| SWAPPING to +0 arbalest.
  1336 | D:3      | 1336 ||| DROPPING +0 shortbow.
  1445 | D:3      | 1445 ||| UPGRADING to +1 hat.
  1450 | D:3      | 1450 ||| READING scroll labelled ROXUUB ZASARUEF.
  1551 | D:3      | 1551 ||| DRINKING 2 fizzy white potions.
  1587 | D:3      | 1587 ||| READING 3 scrolls of identify.
  1587 | D:3      | 1587 ||| IDENTIFYING bubbling blue potion
  1588 | D:3      | 1588 ||| READING 2 scrolls of identify.
  1588 | D:3      | 1588 ||| IDENTIFYING viscous puce potion
  1589 | D:3      | 1589 ||| DROPPING potion of brilliance.
  1590 | D:3      | 1590 ||| DROPPING potion of lignification.
  1895 | D:3      | Reached skill level 8 in Ranged Weapons
  1941 | D:3      | Found a runed translucent gate.
  1942 | D:3      | Found a runed translucent gate.
  1943 | D:3      | Noticed qw's ghost (amateur DEHu)
  1944 | D:3      | Found a runed translucent gate.
  1945 | D:3      | Identified the +9 chain mail "Qacutirch" {rC+++ Str-4
                  | Int-3}
  2122 | D:3      | Reached XP level 5. HP: 29/29 MP: 7/7
  2382 | D:3      | 2382 ||| UPGRADING to +5 ring of evasion.
  2533 | D:4      | Noticed an ogre
  2538 | D:4      | Killed an ogre
  2539 | D:4      | Reached skill level 9 in Ranged Weapons
  2549 | D:4      | Found Finet's Jewellery Shoppe.
  2555 | D:4      | 2555 ||| SHOPLISTING amulet of regeneration (420 gold, have
                  | 125).
  2555 | D:4      | 2555 ||| SHOPLISTING ring of fire (350 gold, have 125).
  2704 | D:4      | HP: 6/30 [poisoned by a scorpion]
  2705 | D:4      | Reached XP level 6. HP: 8/35 MP: 8/8
  2708 | D:4      | HP: 2/35 [poisoned by a scorpion]
  2710 | D:4      | Succumbed to a scorpion's poison

Levels and vault maps discovered:
D:1:      onia_arrival_mini_spirals, layout_loops_ring,
          hellmonk_ecumenical_altar_leap_of_faith
D:2:      layout_basic, basic_altar, dreamdust_princess_bridge, uniq_terence
D:3:      layout_loops_ring, biasface_ghost_orc_armoury,
          minmay_misc_feat_diagonals, minivault_14
D:4:      layout_loops_ring, serial_shops, nicolae_shop_hallway_plus

Skill      XL: |  1  2  3  4  5 |
---------------+----------------+-----
Ranged Weapons | 6 7 8 9 |  9.7
Fighting       | 2 |  2.0
Dodging        | |  2.4
Stealth        | |  1.2

Action                     |  1- 3 |  4- 6 || total
---------------------------+-------+-------++-------
   Fire: Shortbow          |    83 |    24 ||   107
         Arbalest          |       |    98 ||    98
    Use: Scroll            |     3 |     3 ||     6
         Potion            |       |     1 ||     1
 Armour: Leather armour    |     1 |       ||     1
         Ring mail         |     9 |    16 ||    25
  Dodge: Dodged            |    26 |    30 ||    56

Table legend:
 A = Non-vault XP
 B = Vault XP
 C = Vault XP percentage of total XP
 D = Non-vault monster count
 E = Vault monster count
 F = Vault count percentage of total count
                 A         B        C        D         E       F
            +---------+---------+-------+---------+---------+-------
      Total |     423 |      36 |   7.8 |      69 |       1 |   1.4
            +---------+---------+-------+---------+---------+-------
        D:1 |      33 |       0 |   0.0 |      17 |       0 |   0.0
        D:2 |      46 |      36 |  43.9 |      19 |       1 |   5.0
        D:3 |      85 |       0 |   0.0 |      20 |       0 |   0.0
        D:4 |     259 |       0 |   0.0 |      13 |       0 |   0.0
            +---------+---------+-------+---------+---------+-------
